 Dungeon Crawl Stone Soup version 0.31-a0-1082-g7d1fb776a8 (webtiles) character file.

Game seed: 16250926714008102236

16 Darkflo474 the Chopper (level 2, 0/9 (25) HPs)
             Began as a Hill Orc Reaver on Nov 27, 2023.
             Was a Believer of Uskayaw.
             Slain by a goblin
             ... wielding a +0 dagger
              (3 damage)
             ... on level 3 of the Dungeon.
             The game lasted 00:08:33 (719 turns).

Darkflo474 the Chopper (Hill Orc Reaver)             Turns: 719, Time: 00:08:34

HP:   0/9 (25)      AC:  3    Str: 14    XL:     2   Next: 58%
MP:   4/4           EV: 11    Int: 13    God:    Uskayaw [**....]
Gold: 106           SH:  0    Dex:  9    Spells: 3/4 levels left

rFire   . . .        a - +0 hand axe
rCold   . . .        (no shield)
rNeg    . . .        b - +0 leather armour
rPois   .            (no helmet)
rElec   .            (no cloak)
rCorr   .            (no gloves)
SInv    .            (no boots)
Will    .....        (no amulet)
Stlth   +            (no ring)
HPRegen 0.21/turn    (no ring)
MPRegen 0.09/turn

%: no passive effects
@: extremely drained
A: no striking features
a: Renounce Religion, Stomp, Line Pass


You were on level 3 of the Dungeon.
You worshipped Uskayaw.
Uskayaw was noncommittal.
You visited 1 branch of the dungeon, and saw 3 of its levels.

You collected 106 gold pieces.

Inventory:

Hand Weapons
 a - a +0 hand axe (weapon)
Armour
 b - a +0 leather armour (worn)
Jewellery
 e - a ring of protection from cold
Potions
 c - a potion of brilliance
 d - a potion of resistance
 f - 2 potions of mutation {unknown}


   Skills:
 + Level 2.5 Fighting
 + Level 4.5 Axes
 + Level 1.8 Dodging
 + Level 1.6 Spellcasting
 + Level 3.2 Conjurations


You had 3 spell levels left.
You knew the following spells:

 Your Spells              Type           Power      Damage    Failure   Level
a - Kiss of Death         Conj/Necr      20%        2d7       17%         1

Your spell library contained the following spells:

 Spells                   Type           Power      Damage    Failure   Level
 Momentum Strike          Conj/Tloc      10%        3d8       26%         2
 Hailstorm                Conj/Ice       5%         3d4       45%         3


Dungeon Overview and Level Annotations

Branches:
Dungeon (3/15)

Altars:
Uskayaw


Message History

Found 10 gold pieces.
You see here a hobgoblin corpse.
A bat comes into view.
You see here 12 gold pieces.
The bat closely misses you. The bat misses you.
The bat hits you but does no damage. The bat attacks as it pursues you!
The bat hits you. x2
You see here 12 gold pieces.
The bat misses you.
You hit the bat but do no damage. The bat hits you but does no damage. x2
The bat completely misses you.
You hit the bat.
You kill the bat!
You now have 106 gold pieces (gained 12).
You see here a hobgoblin corpse.
Found 2 fizzy white potions.
e - a ring of protection from cold
f - 2 fizzy white potions
Found 3 gold pieces.
A hobgoblin comes into view.
The hobgoblin shouts!
The hobgoblin moves out of view.
A hobgoblin comes into view.
A goblin comes into view. It is wielding a +0 club.
The goblin shouts!
The hobgoblin shouts!
You hear a shout! x2
A goblin comes into view. It is wielding a +0 club.
A goblin comes into view. It is wielding a +0 dagger.
You hit the hobgoblin.
The hobgoblin is severely wounded.
The hobgoblin barely misses you.
You hit the hobgoblin.
You kill the hobgoblin!
You closely miss the hobgoblin. You punch the hobgoblin.
The hobgoblin is heavily wounded.
You can now pass through a line of other dancers.
The goblin hits you with a +0 dagger. The hobgoblin hits you.
There are monsters nearby!
The goblin attacks as it pursues you! The goblin hits you with a +0 dagger.
You die...

#### ####.# ##.#..#
#.# #.#.# #<# #...#
### ######..####
#..........# .
#..........# ...
####..........#
.....###g............#
....gg.g@#############
##########


You could see a hobgoblin and 3 goblins.

Vanquished Creatures
  A dart slug (D:1)
  A ball python (D:1)
  A bat (D:3)
  An endoplasm (D:3)
  6 hobgoblins
  2 rats
12 creatures vanquished.

Notes
Turn   | Place    | Note
-------+----------+-------------------------------------------
     0 | D:1      | Darkflo474 the Hill Orc Reaver began the quest for the Orb.
     0 | D:1      | Reached XP level 1. HP: 18/18 MP: 3/3
    99 | D:1      | Reached XP level 2. HP: 6/16 MP: 4/4
   169 | D:1      | You fall into a shaft and drop 1 floor!
   198 | D:2      | Found a faded altar of an unknown god.
   235 | D:2      | Prayed at the altar of an unknown god.
   235 | D:2      | Became a worshipper of Uskayaw the Reveller
   235 | D:2      | Reached * piety under Uskayaw
   717 | D:3      | Reached ** piety under Uskayaw
   719 | D:3      | Slain by a goblin

Illustrated notes

Levels and vault maps discovered:
D:1:      lemuel_arrival_funnel, layout_basic, minmay_misc_feat_cross,
          roderic_cross_of_infinity, minivault_19, st_stairs_2
D:2:      minmay_diamond_boxcup, layout_basic,
          hellmonk_ecumenical_altar_lost_god, minmay_cupped,
          uniq_crazy_yiuf_cottage
D:3:      layout_rooms, minmay_goblin_outpost, uniq_terence

Action                     || total
---------------------------++-------
  Melee: Hand axe          ||    28
         Punch             ||     1
   Cast: Kiss of Death     ||     5
    Use: Scroll            ||     6
 Armour: Leather armour    ||    19
  Dodge: Dodged            ||    21

Table legend: (Time is in decaauts)
 A = Elapsed time spent in this place.
 B = Non-inter-level travel time spent in this place.
 C = Inter-level travel time spent in this place.
 D = Time resting spent in this place.
 E = Time spent auto-exploring this place.
 F = Levels seen in this place.
 G = Mean time per level.
                   A        B        C        D        E       F      G
               +--------+--------+--------+--------+--------+-----+--------+
         Total |    721 |    538 |    183 |    348 |      5 |   3 |  240.3 |
       Dungeon |    721 |    538 |    183 |    348 |      5 |   3 |  240.3 |
               +--------+--------+--------+--------+--------+-----+--------+

Top non-repeatable levels by time:
     D:2: 436 daAuts
     D:1: 170 daAuts
     D:3: 114 daAuts
